 Dungeon Crawl Stone Soup version 0.27.1-16-g815e20cd7a (webtiles) character file.

Game seed: 9504654688513799863

21 zeram the Shield-Bearer (level 2, -1/24 HPs)
             Began as a Demonspawn Fighter on Nov 21, 2021.
             Killed from afar by Sigmund (9 damage)
             ... with a magic dart
             ... on level 2 of the Dungeon.
             The game lasted 00:01:03 (1073 turns).

zeram the Shield-Bearer (Demonspawn Fighter)        Turns: 1073, Time: 00:01:05

Health: -1/24      AC:  6    Str: 16    XL:     2   Next: 62%
Magic:  2/2        EV:  7    Int:  9    God:
Gold:   27         SH:  9    Dex: 12    Spells: 1/1 levels left

rFire    . . .     SeeInvis .   a - +0 war axe
rCold    . . .     Faith    .   c - +0 kite shield
rNeg     . . .     Spirit   .   b - +0 scale mail
rPois    .         Reflect  .   (no helmet)
rElec    .         Harm     .   (no cloak)
rCorr    .         Rampage  .   (no gloves)
Will     .....                  (no boots)
Stlth    ..........             (no amulet)
HPRegen  0.08/turn              (no ring)
MPRegen  0.08/turn              (no ring)

@: mighty
A: demonic magic 1
a: no special abilities


You were on level 2 of the Dungeon.
You visited 1 branch of the dungeon, and saw 2 of its levels.

You collected 27 gold pieces.

Inventory:

Hand Weapons
 a - a +0 war axe (weapon)
Armour
 b - a +0 scale mail (worn)
 c - a +0 kite shield (worn)
Jewellery
 j - a ring of fire
Scrolls
 e - a scroll of identify {unknown}
 f - a scroll of noise {unknown}
 g - 2 scrolls of amnesia {unknown}
 i - a scroll of immolation {unknown}
Potions
 h - 2 potions of attraction {unknown}


   Skills:
 - Level 3.0 Fighting
 - Level 1.7 Axes
 - Level 2.6 Armour
 + Level 3.6 Shields


You had one spell level left.
You didn't know any spells.
Your spell library was empty.

Dungeon Overview and Level Annotations

Branches:
Dungeon (2/15)

Altars:

Annotations:
D:2 Sigmund


Innate Abilities, Weirdness & Mutations

Spells you cast may paralyse adjacent enemies.


Message History

Something hits you!
* * * LOW HITPOINT WARNING * * *
Something hits you.
* * * LOW HITPOINT WARNING * * *
There is a stone staircase leading up here.
You climb upwards.
Reactivating autopickup.
There is a stone staircase leading down here.
You start resting.
You feel a little less mighty now.
You start resting.
HP restored.
You climb downwards.
Level annotation: Sigmund
There is a stone staircase leading up here.
You feel very mighty all of a sudden.
Sigmund points at you and mumbles some strange words.
You block the puff of flame. You block Sigmund's attack.
You barely miss Sigmund. Sigmund hits you with a +0 scythe.
You closely miss Sigmund. Sigmund hits you but does no damage.
You closely miss Sigmund. You block Sigmund's attack.
Sigmund hits you with a +0 scythe.
You hit Sigmund.
Sigmund is lightly wounded.
Sigmund hits you but does no damage.
You slash Sigmund!
Sigmund is severely wounded.
Sigmund points at you and mumbles some strange words.
You resist with significant effort.
You closely miss Sigmund.
Sigmund is severely wounded.
You block Sigmund's attack.
You barely miss Sigmund.
Sigmund is severely wounded.
Sigmund gestures at you while chanting. The magic dart hits you!
Sigmund gestures at you while chanting. The magic dart hits you!
You die...

##########
#........#
........#
.......#####
#.........##
#....[.....
#..@....#
#.(@....#
#.......#
##...#### ##...#
#..<.# #.....#
............
#.....#........
#.....>.........


You could see Sigmund.

Vanquished Creatures
  An adder skeleton (D:2)
  A bat (D:1)
  An endoplasm (D:1)
  A giant cockroach (D:1)
  2 hobgoblins (D:1)
  A quokka (D:1)
  A frilled lizard (D:1)
  4 goblins (D:1)
  5 rats (D:1)
17 creatures vanquished.

Notes
Turn   | Place    | Note
-------+----------+-------------------------------------------
     0 | D:1      | zeram the Demonspawn Fighter began the quest for the Orb.
     0 | D:1      | Reached XP level 1. HP: 18/18 MP: 1/1
   106 | D:1      | Found a faded altar of an unknown god.
   345 | D:1      | Gained mutation: Spells you cast may paralyse adjacent
                  | enemies. [demonic ancestry]
   345 | D:1      | Reached XP level 2. HP: 24/24 MP: 2/2
   766 | D:2      | Noticed Sigmund
   772 | D:2      | HP: 1/24 [something (6)]
  1073 | D:2      | Killed from afar by Sigmund

Illustrated notes

Levels and vault maps discovered:
D:1:      noname_arrival_rooms_in_the_neighbourhood, layout_basic,
          chequers_ecumenical_altar_simple_redux
D:2:      layout_rooms, uniq_sigmund

Skill      XL: |  1 |
---------------+----+-----
Shields        | 3 |  3.6
Fighting       | |  3.0
Axes           | |  1.7
Armour         | |  2.6

Action                   || total
-------------------------++-------
Melee: War axe           ||    49
  Use: Potion            ||     2
Armor: Scale mail        ||    21
Dodge: Dodged            ||     8
Block: Kite shield       ||    37
